[Event "Late-Titled-Tuesday-Blitz-March-19-2024"]
[Site "Chess.com"]
[Date "2024.03.19"]
[Round "9"]
[White "Mikhail_Golubev"]
[Black "djano"]
[Result "1/2-1/2"]
[WhiteElo "2732"]
[BlackElo "2646"]
[TimeControl "180+1"]
[EndTime "15:41:01 PDT"]
[Termination "Game drawn by repetition"]

1. e4 c5 2. Nf3 Nc6 3. Nc3 Nd4 4. Nxd4 cxd4 5. Ne2 e5 6. c3 Bc5 7. cxd4 exd4 8. Ng3 d5 9. Bb5+ Bd7 10. Qa4 a6 11.
Bxd7+ Qxd7 12. Qxd7+ Kxd7 13. exd5 Nf6 14. d3 Rhe8+ 15.
Kd1 Nxd5 16. a3 Re6 17. Bd2 g6 18. Rc1 Rc8 19. h4 h5 20. Ne4 Be7 21. Rxc8 Kxc8 22. g3 Kd7 23. Re1 Rb6 24. Kc2 Rc6+ 25. Kb1 Re6 26. Kc2 Rc6+ 27. Kd1 Rb6 28. Kc2 Rc6+ 1/2-1/2

[Event "Late-Titled-Tuesday-Blitz-March-19-2024"]
[Site "Chess.com"]
[Date "2024.03.19"]
[Round "9"]
[White "I-Mesquita"]
[Black "mightysmasher"]
[Result "1-0"]
[WhiteElo "2718"]
[BlackElo "2599"]
[TimeControl "180+1"]
[EndTime "15:41:04 PDT"]
[Termination "I-Mesquita won by checkmate"]

1. e4 e6 2. d4 d5 3. Nd2 dxe4 4. Nxe4 Nd7 5. Bd3 Ngf6 6. Qe2 Be7 7. Nf3 O-O 8. O-O Nxe4 9. Bxe4 Nf6 10. Bd3 b6 11. Bg5 Bb7 12. Rad1 h6 13. Bh4 Qd5 14. Bg3 c5 15. c4 Qh5 16. d5 Rfe8 17. dxe6 Bxf3 18.
exf7+ Kxf7 19. Qxf3 Qxf3 20. gxf3 Rad8 21. Rfe1 g5 22. b3 h5 23. Bf5 Rd4 24. Be5 Rdd8 25. Bc7 Rd4 26. Be6+ Kg6 27. Be5 Rdd8 28. f4 g4 29. f5+ Kg5 30. Kg2 h4 31. h3 a6 32.
Bb2 b5 33. Bc1+ Kh5 34. Bf7# 1-0

[Event "Late-Titled-Tuesday-Blitz-March-19-2024"]
[Site "Chess.com"]
[Date "2024.03.19"]
[Round "9"]
[White "carloseduar100"]
[Black "KorolDimitriy75"]
[Result "1-0"]
[WhiteElo "2265"]
[BlackElo "2366"]
[TimeControl "180+1"]
[EndTime "15:41:07 PDT"]
[Termination "carloseduar100 won by resignation"]

1. g3 c5 2. Bg2 g6 3. d3 Bg7 4. Nf3 Nc6 5. O-O e5 6. c3 Nge7 7. a3 O-O 8. Re1 d6 9. Nbd2 h6 10. e4 f5 11. exf5 Nxf5 12. Ne4 Kh7 13. h4 Be6 14. h5 Qd7 15. hxg6+ Kxg6 16. d4 cxd4 17. cxd4 Ncxd4 18. Nxd4 Nxd4 19. Be3 Kh7 20. Bxd4 exd4 21. Qh5 Rf5 22. Qe2 Rf7 23. Nxd6 Qxd6 24. Qxe6 Qxe6 25. Rxe6 Rc8 26. Rd1 Rc2 27. Be4+ Kg8 28. Bxc2 Rc7 29. Bb3 1-0

[Event "Late-Titled-Tuesday-Blitz-March-19-2024"]
[Site "Chess.com"]
[Date "2024.03.19"]
[Round "9"]
[White "Bugcrusher"]
[Black "ThaBarWa"]
[Result "1-0"]
[WhiteElo "2470"]
[BlackElo "2335"]
[TimeControl "180+1"]
[EndTime "15:41:11 PDT"]
[Termination "Bugcrusher won by resignation"]

1. e4 e6 2. d4 d5 3. e5 c5 4.
c3 Nc6 5. Nf3 Qb6 6. Na3 cxd4 7.
cxd4 Nh6 8. Nc2 Nf5 9. Bd3 Bd7 10. O-O Be7 11. Rb1 O-O 12. g4 Nh4 13. Nxh4 Bxh4 14. g5 h6 15. Qh5 Nxd4 16. Be3 g6 17. Bxg6 Bxg5 18. Bxg5 fxg6 19. Qxg6+ Kh8 20. Qxh6+ Kg8 21. Qg6+ Kh8 22. Bf6+ Rxf6 23. Qxf6+ Kh7 24. Qh4+ 1-0

[Event "Late-Titled-Tuesday-Blitz-March-19-2024"]
[Site "Chess.com"]
[Date "2024.03.19"]
[Round "9"]
[White "mitrabhaa"]
[Black "FairChess_on_YouTube"]
[Result "1/2-1/2"]
[WhiteElo "3075"]
[BlackElo "3157"]
[TimeControl "180+1"]
[EndTime "15:41:14 PDT"]
[Termination "Game drawn by repetition"]

1. c4 Nf6 2. Nf3 e6 3. Nc3 d5 4. e3 c5 5. cxd5 Nxd5 6. b3 Nxc3 7. dxc3 Qxd1+ 8. Kxd1 Nc6 9. Kc2 Be7 10. e4 O-O 11. Be3 b6 12. Rd1 Rd8 13. Rxd8+ Nxd8 14. Nd2 Bb7 15.
f3 Nc6 16. Be2 Rd8 17. Rd1 Bd6 18. h3 Bc7 19. a4 Kf8 20. Nc4 Rxd1 21. Kxd1 Ke7 22.
Kc2 f6 23. Na3 g5 24. Nc4 h5 25. Bf2 h4 26. Be3 Ba6 27. Bd3 Bxc4 28. Bxc4 Bf4 29.
Bf2 Bg3 30. Be3 Bf4 31. Bg1 Kd6 32. Bb5 Ne5 33. b4 a5 34. bxa5 bxa5 35. Bf2 Bg3 36. Be3 Bf4 37. Bf2 Bg3 38. Be3 Bf4 39. Bf2 1/2-1/2

[Event "Late-Titled-Tuesday-Blitz-March-19-2024"]
[Site "Chess.com"]
[Date "2024.03.19"]
[Round "9"]
[White "David_ATM"]
[Black "ACollins05"]
[Result "1-0"]
[WhiteElo "2328"]
[BlackElo "2514"]
[TimeControl "180+1"]
[EndTime "15:41:16 PDT"]
[Termination "David_ATM won by resignation"]

1. e4 a6 2. d4 b5 3. f3 Bb7 4. Be3 e6 5. a4 b4 6. Nd2 Nf6 7.
c3 d5 8. e5 Nfd7 9. Bd3 c5 10.
Ne2 Nc6 11. O-O Be7 12. Qe1 Qb6 13. f4 g6 14. Kh1 a5 15. Bb5 Ba6 16. Bxa6 Qxa6 17.
Nf3 h5 18. Bf2 O-O-O 19. dxc5 b3 20. Ned4 Nxc5 21. Nb5 Nxa4 22. Qe2 d4 23. Nd6+ 1-0

[Event "Late-Titled-Tuesday-Blitz-March-19-2024"]
[Site "Chess.com"]
[Date "2024.03.19"]
[Round "9"]
[White "Jahonas"]
[Black "bazar-wokzal"]
[Result "0-1"]
[WhiteElo "2376"]
[BlackElo "2561"]
[TimeControl "180+1"]
[EndTime "15:41:18 PDT"]
[Termination "bazar-wokzal won by resignation"]

1. e4 Nc6 2. Nf3 d5 3. exd5 Qxd5 4. Nc3 Qa5 5. Be2 Bg4 6. h3 Bh5 7. d3 O-O-O 8. Bd2 Nf6 9. a4 e5 10. Ne4 Qd5 11. Nxf6 gxf6 12. Qc1 f5 13. Bg5 Re8 14. Rg1 e4 15. c4 Bb4+ 16. Nd2 Qe5 17. d4 Nxd4 18.
Bxh5 f4 19. Bg4+ f5 20. Bd1 e3 0-1

[Event "Late-Titled-Tuesday-Blitz-March-19-2024"]
[Site "Chess.com"]
[Date "2024.03.19"]
[Round "9"]
[White "platy3"]
[Black "jefferyx"]
[Result "0-1"]
[WhiteElo "2974"]
[BlackElo "3109"]
[TimeControl "180+1"]
[EndTime "15:41:23 PDT"]
[Termination "jefferyx won by resignation"]

1. e4 c5 2. Nf3 d6 3. d4 cxd4 4. Nxd4 Nf6 5. Nc3 a6 6. Bd3 e5 7. Nde2 Be7 8. O-O O-O 9. Ng3 b5 10. Nf5 Bxf5 11. exf5 d5 12. Bg5 Nbd7 13. Re1 e4 14. Bf1 h6 15. Bh4 Bb4 16. Nxd5 Bxe1 17. Qxe1 Rc8 18. Rd1 Qe8 19. Ne3 Qe5 20. Qb4 Rfd8 21. c4 Qc5 22. Qxc5 Nxc5 23. Rxd8+ Rxd8 24. cxb5 axb5 25. Bxf6 gxf6 26. Bxb5 Rd2 27. b4 Nd3 28. a4 Nxb4 29. Kf1 Nd3 30. Bxd3 exd3 31. a5 Ra2 32. Ke1 Rxa5 33. Kd2 Ra2+ 34. Kxd3 Rxf2 35. h3 h5 36. g4 h4 0-1

[Event "Late-Titled-Tuesday-Blitz-March-19-2024"]
[Site "Chess.com"]
[Date "2024.03.19"]
[Round "9"]
[White "Boundless_Strike"]
[Black "ExchangeAB"]
[Result "1-0"]
[WhiteElo "2628"]
[BlackElo "2505"]
[TimeControl "180+1"]
[EndTime "15:41:26 PDT"]
[Termination "Boundless_Strike won by resignation"]

1. d4 d5 2. e4 dxe4 3. Nc3 Nf6 4. f3 e3 5. Bxe3 g6 6. Qd2 Bg7 7. O-O-O O-O 8. Bh6 c5 9. d5 a6 10. h4 b5 11. h5 b4 12. Ne4 Nbd7 13. Bxg7 Kxg7 14. hxg6 fxg6 15. Qh6+ Kg8 16. Ng5 Rf7 17. d6 Nf8 18. Nxf7 Kxf7 19. dxe7 Qxe7 20. Nh3 Bxh3 21. Rxh3 Ne6 22.
Bc4 Rd8 23. Re1 Rd6 24. g4 1-0

[Event "Late-Titled-Tuesday-Blitz-March-19-2024"]
[Site "Chess.com"]
[Date "2024.03.19"]
[Round "9"]
[White "Roedor"]
[Black "Aram7Adam"]
[Result "1/2-1/2"]
[WhiteElo "2330"]
[BlackElo "2443"]
[TimeControl "180+1"]
[EndTime "15:41:26 PDT"]
[Termination "Game drawn by repetition"]

1. c4 e5 2. g3 h5 3. h4 Nf6 4. Bg2 d5 5. cxd5 Nxd5 6. Nf3 Nc6 7. Nc3 Be7 8. O-O Be6 9. d4 exd4 10. Nxd4 Nxd4 11. Qxd4 Nxc3 12. Qxc3 Bf6 13. Qb4 Qe7 14.
Qxe7+ Kxe7 15. Bxb7 Rab8 16. Bf3 Bxb2 17. Bxb2 Rxb2 18.
Rfc1 Rc8 19. Rc5 g6 20. Ra5 Bg4 21. Rxa7 Bxf3 22. exf3 Kf6 23. Ra6+ Kg7 24. Rc6 Re8 25. Rxc7 Ree2 26. Rf1 Rxa2 27. Rc3 Kh6 28. Kg2 f6 29. Rc6 Kg7 30. Rc7+ Kh6 31. Rc6 f5 32. f4 Kg7 33.
Rc3 Kf6 34. Kf3 Reb2 35. Rc6+ Kg7 36. Rc7+ Kf6 37. Rc6+ Kg7 38. Rc7+ Kf6 39. Rc6+ 1/2-1/2

[Event "Late-Titled-Tuesday-Blitz-March-19-2024"]
[Site "Chess.com"]
[Date "2024.03.19"]
[Round "9"]
[White "shirovin"]
[Black "JaackCamel"]
[Result "1-0"]
[WhiteElo "2048"]
[BlackElo "2184"]
[TimeControl "180+1"]
[EndTime "15:41:26 PDT"]
[Termination "shirovin won by resignation"]

1. d4 d5 2. Nc3 e6 3. e4 Bb4 4. e5 Ne7 5. a3 Bxc3+ 6. bxc3 b6 7. Qg4 Ng6 8. h4 h5 9. Qg3 Ba6 10. Nh3 Bxf1 11. Kxf1 Qd7 12. Nf4 Nxf4 13. Bxf4 g6 14.
Bg5 Qa4 15. Qf3 Nc6 16. Rh3 Na5 17. Qf6 Kd7 18. Qxf7+ Kc6 19. Qxe6+ Kb7 20. Qxd5+ Ka6 21. e6 Qxc2 22. a4 Raf8 23. Rf3 Rxf3 24. Qxf3 Nc4 25. Qe2 Qxc3 26. Rc1 1-0

[Event "Late-Titled-Tuesday-Blitz-March-19-2024"]
[Site "Chess.com"]
[Date "2024.03.19"]
[Round "9"]
[White "CarlosjPineror"]
[Black "Statham_01"]
[Result "1-0"]
[WhiteElo "2685"]
[BlackElo "2577"]
[TimeControl "180+1"]
[EndTime "15:41:30 PDT"]
[Termination "CarlosjPineror won on time"]

1. e4 e5 2. Nf3 Nc6 3. Bb5 a6 4. Ba4 Nf6 5. d3 b5 6. Bb3 Be7 7. c3 O-O 8. h3 d5 9. Nbd2 Bb7 10. O-O dxe4 11. dxe4 Nd7 12. Qe2 Nc5 13. Bc2 Bd6 14. Rd1 Qe7 15. Nf1 f5 16. exf5 e4 17. Nd4 Ne5 18. b4 Ncd3 19. Bb3+ Kh8 20. Be3 Qh4 21. Ng3 Rae8 22. Ne6 Nf3+ 23. Qxf3 exf3 24. Bg5 1-0

[Event "Late-Titled-Tuesday-Blitz-March-19-2024"]
[Site "Chess.com"]
[Date "2024.03.19"]
[Round "9"]
[White "C_K_G"]
[Black "cthulhuuu"]
[Result "0-1"]
[WhiteElo "2220"]
[BlackElo "2411"]
[TimeControl "180+1"]
[EndTime "15:41:32 PDT"]
[Termination "cthulhuuu won on time"]

1. e4 d6 2. Nf3 Nf6 3. Nc3 c6 4. d4 Bg4 5. Be2 e6 6. O-O d5 7. e5 Nfd7 8. h3 Bh5 9. Nh2 Bg6 10. Bd3 c5 11. Bxg6 hxg6 12. Be3 Nc6 13. Qg4 cxd4 14.
Bxd4 Rh4 15. Qg3 Nxd4 16. Rad1 Qc7 17. Rfe1 Nf5 18. Qd3 Rc4 19. Nf3 Bb4 20. Nb5 Qb6 21. Nc3 Bxc3 22. bxc3 Rac8 23. g4 Rxc3 24. Qe2 Ng3 0-1

[Event "Late-Titled-Tuesday-Blitz-March-19-2024"]
[Site "Chess.com"]
[Date "2024.03.19"]
[Round "9"]
[White "kai_nov"]
[Black "kleber2007"]
[Result "0-1"]
[WhiteElo "2345"]
[BlackElo "2479"]
[TimeControl "180+1"]
[EndTime "15:41:34 PDT"]
[Termination "kleber2007 won on time"]

1. d4 Nf6 2. c4 g6 3. f3 Nc6 4. e4 e5 5. d5 Nd4 6. Ne2 Bc5 7. Nbc3 d6 8. Ng3 Nh5 9. Nxh5 gxh5 10. Qd3 Bd7 11.
Be3 Qh4+ 12. Bf2 Qg5 13. h4 Qh6 14. Nd1 f5 15. Be3 Qg6 16. Nf2 Nc2+ 0-1

[Event "Late-Titled-Tuesday-Blitz-March-19-2024"]
[Site "Chess.com"]
[Date "2024.03.19"]
[Round "9"]
[White "hell3raiser"]
[Black "EternalNight8"]
[Result "1-0"]
[WhiteElo "2361"]
[BlackElo "2456"]
[TimeControl "180+1"]
[EndTime "15:41:37 PDT"]
[Termination "hell3raiser won by checkmate"]

1. e4 e5 2. Nf3 Nf6 3. Nc3 Nc6 4. d4 exd4 5. Nxd4 Bb4 6. Nxc6 bxc6 7. Bd3 O-O 8. O-O d6 9. Bg5 h6 10. Bh4 Bxc3 11.
bxc3 Be6 12. c4 c5 13. f4 g5 14. fxg5 Nh7 15. Qh5 Qd7 16. Qxh6 f6 17. gxf6 Rf7 18. Rf3 Kh8 19. Rg3 Rg8 20. Rxg8+ Kxg8 21. Rf1 Bg4 22. h3 Be6 23. Rf3 Kh8 24. Rg3 c6 25. Kh2 a5 26. e5 dxe5 27. Rg7 Rxg7 28. fxg7+ Qxg7 29. Bf6 Qxf6 30. Qxh7# 1-0

[Event "Late-Titled-Tuesday-Blitz-March-19-2024"]
[Site "Chess.com"]
[Date "2024.03.19"]
[Round "9"]
[White "lluiss"]
[Black "OverallStranger"]
[Result "1-0"]
[WhiteElo "2275"]
[BlackElo "2371"]
[TimeControl "180+1"]
[EndTime "15:41:41 PDT"]
[Termination "lluiss won by resignation"]

1. Nf3 e5 2. Nxe5 Nc6 3. Nf3 Nf6 4. d4 d5 5. Bg5 h6 6. Bh4 Bd6 7. e3 g5 8. Bg3 Ne4 9. Bxd6 Qxd6 10. c3 f5 11. Be2 h5 12. Nfd2 g4 13. c4 O-O 14.
cxd5 Ne7 15. Nc3 Nxc3 16. bxc3 Nxd5 17. c4 Nc3 18. c5 Qf6 19. Qb3+ Be6 20. Qxc3 f4 21.
exf4 Qxf4 22. O-O Bd5 23. Bc4 c6 24. Qe3 Qf5 25. Qe5 Qf7 26. Qg5+ Kh7 27. Bxd5 cxd5 28. f3 Rg8 29. Qh4 gxf3 30. Nxf3 Qg6 31. g3 Rae8 32.
Ne5 Qd3 1-0

[Event "Late-Titled-Tuesday-Blitz-March-19-2024"]
[Site "Chess.com"]
[Date "2024.03.19"]
[Round "9"]
[White "grandcoach"]
[Black "FREZZY23"]
[Result "0-1"]
[WhiteElo "2238"]
[BlackElo "2377"]
[TimeControl "180+1"]
[EndTime "15:41:41 PDT"]
[Termination "FREZZY23 won on time"]

1. e4 c5 2. b4 cxb4 3. a3 d5 4. exd5 Qxd5 5. Bb2 e5 6. Nf3 Nc6 7.
c4 bxc3 8. Nxc3 Qa5 9. Bb5 f6 10.
O-O Be6 11. d4 O-O-O 12. d5 Bxd5 13. Qe2 Bxf3 14. Qxf3 Nd4 15. Qh3+ Kb8 16. Rfd1 Bd6 17. Bc4 Ne7 18. Ne2 Nxe2+ 19. Bxe2 Ng6 20. Qf3 Nf4 21. Bf1 Bc7 22. Rab1 Rxd1 23. Rxd1 Qb6 24. Bc1 Qc6 25. Qg4 g5 26. Bxf4 exf4 27. Qf5 h5 28. Rd2 Qc1 29. Rc2 Qd1 30. Qxf6 Re8 31. Rxc7 Kxc7 0-1

[Event "Late-Titled-Tuesday-Blitz-March-19-2024"]
[Site "Chess.com"]
[Date "2024.03.19"]
[Round "9"]
[White "katharinareinecke"]
[Black "AntonovaNadezhda"]
[Result "0-1"]
[WhiteElo "1985"]
[BlackElo "2209"]
[TimeControl "180+1"]
[EndTime "15:41:44 PDT"]
[Termination "AntonovaNadezhda won by resignation"]

1. d4 Nf6 2. c4 g6 3. Nf3 Bg7 4. g3 O-O 5. Bg2 d6 6. O-O Nc6 7. Nc3 a6 8. d5 Na5 9. Nd2 c5 10. e4 Rb8 11. a4 e6 12. Qc2 exd5 13. cxd5 b5 14. axb5 axb5 15. b3 b4 16. e5 bxc3 17. exf6 Bxf6 18. Ne4 Nxb3 19. Ra3 Nxc1 20. Qxc1 Bg7 21.
Nxc3 Bf5 22. Ne4 Bb2 23. Qe3 Bxa3 24. Qxa3 Bxe4 25. Bxe4 Qb6 26. Rb1 Qc7 27. Rf1 Rb4 28. Bc2 Rfb8 29. f4 Rb2 30. Qd3 Qb6 31. Kh1 Qb5 32.
f5 Rxc2 33. Qxb5 Rxb5 0-1

[Event "Late-Titled-Tuesday-Blitz-March-19-2024"]
[Site "Chess.com"]
[Date "2024.03.19"]
[Round "9"]
[White "TigrVShlyape"]
[Black "AsterPhoenix"]
[Result "1-0"]
[WhiteElo "2926"]
[BlackElo "2656"]
[TimeControl "180+1"]
[EndTime "15:41:51 PDT"]
[Termination "TigrVShlyape won by resignation"]

1. d4 Nf6 2. Bf4 c5 3. e3 Nd5 4.
Bg3 cxd4 5. exd4 Qb6 6. c4 Qxb2 7. cxd5 Qxa1 8. Qc2 Na6 9. Bxa6 bxa6 10. Ne2 g6 11. O-O Bg7 12. Nbc3 Qxf1+ 13. Kxf1 d6 14. Qa4+ Bd7 15. Qxa6 O-O 16. Bf4 Rfb8 17. h3 h5 18. Bg5 Kf8 19. f3 Rb2 20. Qa3 Rb7 21. Kf2 Rc8 22.
g4 hxg4 23. hxg4 Rcc7 24. Kg3 Rc8 25. Qa6 Rcc7 26. Qd3 Rb2 27. Qe3 Bc8 28. Bh6 Ba6 29. Bxg7+ Kxg7 30. Nf4 Rc2 31. Ne4 Rxa2 32. Ng5 Rcc2 33.
Qxe7 1-0

[Event "Late-Titled-Tuesday-Blitz-March-19-2024"]
[Site "Chess.com"]
[Date "2024.03.19"]
[Round "9"]
[White "Kombinator01"]
[Black "MightyMike_009"]
[Result "0-1"]
[WhiteElo "2443"]
[BlackElo "2750"]
[TimeControl "180+1"]
[EndTime "15:41:52 PDT"]
[Termination "MightyMike_009 won by resignation"]

1. e4 e5 2. Nf3 Nc6 3. Bc4 Bc5 4.
b4 Bxb4 5. c3 Ba5 6. d4 exd4 7.
O-O Nf6 8. cxd4 d5 9. exd5 Nxd5 10. Ba3 Be6 11. Nbd2 Nce7 12. Qa4+ c6 13. Bxe7 Nxe7 14.
Bxe6 fxe6 15. Qb3 Bxd2 16. Nxd2 Qd7 17. Ne4 O-O 18. Nc5 Qd5 19. Qxb7 Nf5 20. Nb3 Nh4 21.
f3 Qg5 22. g3 Qe3+ 23. Kh1 Nxf3 24. Qxc6 Qe2 0-1

[Event "Late-Titled-Tuesday-Blitz-March-19-2024"]
[Site "Chess.com"]
[Date "2024.03.19"]
[Round "9"]
[White "Chempiblinka"]
[Black "Nicolik"]
[Result "1-0"]
[WhiteElo "2372"]
[BlackElo "2513"]
[TimeControl "180+1"]
[EndTime "15:41:52 PDT"]
[Termination "Chempiblinka won on time"]

1. Nf3 d5 2. g3 Nc6 3. Bg2 e5 4. O-O e4 5. Ne1 h5 6. h4 Bc5 7.
d3 Bf5 8. c4 dxc4 9. Qa4 cxd3 10. exd3 Nf6 11. dxe4 Bd7 12. Bg5 Nd4 13. Qd1 Bg4 14.
Qa4+ b5 15. Qa6 Be2 16. e5 Bxf1 17. Kxf1 O-O 18. exf6 gxf6 19. Qxf6 Qxf6 20. Bxf6 Rae8 21. Nc3 a6 22. Nd3 Bb6 23. Nd5 Re6 24. N3f4 Rd6 25. Be7 Re8 26. Nf6+ Rxf6 27. Bxf6 1-0

[Event "Late-Titled-Tuesday-Blitz-March-19-2024"]
[Site "Chess.com"]
[Date "2024.03.19"]
[Round "9"]
[White "Yurovskykh_Oleksandr"]
[Black "Julianos82"]
[Result "1-0"]
[WhiteElo "2587"]
[BlackElo "2397"]
[TimeControl "180+1"]
[EndTime "15:42:00 PDT"]
[Termination "Yurovskykh_Oleksandr won by resignation"]

1. d4 d5 2. Bf4 c5 3. e3 cxd4 4. exd4 Nc6 5. c3 Bf5 6. Nf3 e6 7. Qb3 Qc8 8. Nh4 Bg4 9. h3 Bh5 10. g4 Bg6 11. Nxg6 hxg6 12. Bg2 Nf6 13. Nd2 Be7 14. Bg3 Nd7 15. h4 Nb6 16. h5 gxh5 17. Rxh5 Rxh5 18. gxh5 Qd7 19. a4 Na5 20. Qc2 Nac4 21.
a5 Nxd2 22. axb6 Nc4 23. bxa7 b5 24. Bb8 Bd6 25. Qh7 f6 26. Bxd6 Qxd6 27. Qg8+ Qf8 28. Qxe6+ Qe7 29. Qxe7+ Kxe7 30. Bxd5 1-0

[Event "Late-Titled-Tuesday-Blitz-March-19-2024"]
[Site "Chess.com"]
[Date "2024.03.19"]
[Round "9"]
[White "rcmz"]
[Black "andjela_djidjika"]
[Result "1-0"]
[WhiteElo "2215"]
[BlackElo "2126"]
[TimeControl "180+1"]
[EndTime "15:42:00 PDT"]
[Termination "rcmz won by resignation"]

1. b4 e5 2. Bb2 Nf6 3. Bxe5 Bxb4 4. c4 O-O 5. Nf3 Nc6 6. Bb2 d5 7. cxd5 Nxd5 8. e3 Re8 9. Be2 Bf5 10. a3 Bc5 11. O-O Bb6 12. d4 a5 13. Nbd2 a4 14.
Nc4 Ba7 15. Nfe5 Nxe5 16. Nxe5 Qf6 17. Bf3 Be6 18. Qxa4 Bxd4 19. Qxd4 Qg5 20. h4 Qh6 21. Bxd5 Rad8 22. Bxe6 Rxd4 23. Bxf7+ Kf8 24. Bxe8 Rxh4 25. f3 Rh2 26. Ng4 Rh1+ 27. Kf2 Qh4+ 28. Ke2 Qg3 29. Rxh1 Qxg2+ 30. Nf2 1-0

[Event "Late-Titled-Tuesday-Blitz-March-19-2024"]
[Site "Chess.com"]
[Date "2024.03.19"]
[Round "9"]
[White "DamianoLew95"]
[Black "RichardLeyvaP"]
[Result "1-0"]
[WhiteElo "2731"]
[BlackElo "2547"]
[TimeControl "180+1"]
[EndTime "15:42:07 PDT"]
[Termination "DamianoLew95 won by checkmate"]

1. e4 e5 2. Nf3 Nc6 3. Bc4 Nf6 4. d3 Bc5 5. O-O a6 6. c3 Ba7 7. a4 d6 8. b4 Ne7 9. Re1 Ng6 10. Nbd2 O-O 11.
Nf1 c6 12. Bb3 a5 13. Ng3 h6 14. d4 axb4 15. dxe5 Ng4 16. Ra2 dxe5 17. cxb4 Qb6 18. a5 Qxb4 19. Ba3 Bxf2+ 20. Kh1 Bxe1 21. Bxb4 Bxb4 22.
h3 Nf6 23. Nf5 Nxe4 24. g4 Nc3 25. Qc2 Nxa2 26. Nxh6+ Kh8 27. Nxf7+ Rxf7 28. Qxg6 Rxf3 29. Qh5# 1-0

[Event "Late-Titled-Tuesday-Blitz-March-19-2024"]
[Site "Chess.com"]
[Date "2024.03.19"]
[Round "9"]
[White "thesupera12"]
[Black "GlavkonVVS"]
[Result "1-0"]
[WhiteElo "2453"]
[BlackElo "2646"]
[TimeControl "180+1"]
[EndTime "15:42:07 PDT"]
[Termination "thesupera12 won by resignation"]

1. e4 Nf6 2. e5 Nd5 3. Nf3 d6 4. exd6 cxd6 5. Bc4 Nb6 6. Bb3 Bf5 7. O-O e6 8. Re1 Be7 9. Nd4 Bg6 10. Bxe6 fxe6 11.
Nxe6 Qd7 12. Nxg7+ Kf7 13. Ne6 Re8 14. Nf4 Nc6 15.
Nc3 Qf5 16. d3 Bf6 17. Nxg6 hxg6 18. Ne4 Rad8 19. Be3 d5 20. Ng3 Qd7 21. Qf3 Kg7 22. Bh6+ Kxh6 23. Qxf6 Kh7 24. h4 Qg7 25. Qg5 Nd4 26.
Nh5 Rxe1+ 27. Rxe1 gxh5 28. Re7 Ne6 29. Rxg7+ Nxg7 30. Qxd8 1-0

[Event "Late-Titled-Tuesday-Blitz-March-19-2024"]
[Site "Chess.com"]
[Date "2024.03.19"]
[Round "9"]
[White "maurovargas01"]
[Black "egnfanclub"]
[Result "0-1"]
[WhiteElo "1845"]
[BlackElo "2395"]
[TimeControl "180+1"]
[EndTime "15:42:07 PDT"]
[Termination "egnfanclub won on time"]

1. e4 e5 2. Nf3 Nc6 3. Bc4 Nf6 4. Ng5 d5 5. exd5 Nd4 6. c3 b5 7. Bd3 Bf5 8. cxd4 Bxd3 9. dxe5 Qxd5 10. Qf3 Qxf3 11.
Nxf3 Nd5 12. b3 Nf4 13. g3 Nd5 14. Nd4 Nb4 15. Bb2 O-O-O 16. a3 Rxd4 17. axb4 Rxb4 18.
Bc3 Re4+ 19. Kd1 Kb7 20. Na3 a6 21. Nc2 Bc5 22. b4 Bxf2 0-1

[Event "Late-Titled-Tuesday-Blitz-March-19-2024"]
[Site "Chess.com"]
[Date "2024.03.19"]
[Round "9"]
[White "uzkuzk"]
[Black "HaryKane"]
[Result "0-1"]
[WhiteElo "2481"]
[BlackElo "2592"]
[TimeControl "180+1"]
[EndTime "15:42:09 PDT"]
[Termination "HaryKane won by resignation"]

1. e4 d6 2. d4 g6 3. Nc3 Bg7 4. Be3 c6 5. Bc4 b5 6. Bb3 a5 7. a4 b4 8. Nce2 Nf6 9. Ng3 O-O 10. h4 h5 11. f4 Ng4 12. Qf3 e5 13. dxe5 Nxe3 14.
Qxe3 dxe5 15. Nf3 exf4 16. Qxf4 Bxb2 17. Rd1 Bc3+ 18. Kf2 Qb6+ 19. Kf1 Ba6+ 20. Ne2 c5 21. Bd5 Nc6 22. Qh6 Bg7 23. Qxg6 Bxe2+ 24. Kg1 c4+ 25.
Kh2 Qc7+ 26. Kg1 Ne7 27. Qxh5 Bxd1 28. Kf2 Bxf3 29. gxf3 Nxd5 30. exd5 Qe5 31. Qxe5 Bxe5 32. Rg1+ Kh7 33. Rg5 f6 34. Rf5 Kg6 0-1

[Event "Late-Titled-Tuesday-Blitz-March-19-2024"]
[Site "Chess.com"]
[Date "2024.03.19"]
[Round "9"]
[White "dropstoneDP"]
[Black "AlexeiShirov"]
[Result "1/2-1/2"]
[WhiteElo "2982"]
[BlackElo "2858"]
[TimeControl "180+1"]
[EndTime "15:42:11 PDT"]
[Termination "Game drawn by repetition"]

1. e4 e5 2. Nf3 Nc6 3. Bb5 a6 4. Ba4 Nf6 5. O-O b5 6. Bb3 Bc5 7. a4 Rb8 8. Nxe5 Nxe5 9. d4 Bxd4 10. Qxd4 d6 11. f4 Nc6 12. Qd3 O-O 13. Nc3 Nb4 14. Qd2 c5 15. axb5 axb5 16. e5 dxe5 17. fxe5 c4 18.
exf6 Qxd2 19. Bxd2 cxb3 20. fxg7 Re8 21. cxb3 Bb7 22.
Rae1 Nd3 23. Rxe8+ Rxe8 24. b4 Nxb4 25. Rf5 Bc6 26.
Nxb5 Re2 27. Bxb4 Rxg2+ 28. Kf1 Rxb2 29. Bc3 Rxb5 30. Rxb5 Bxb5+ 31. Kf2 f5 32. Ke3 Bc6 33. Kf4 Be4 34. Bd4 Bd3 35. Bc3 Be4 36. Bd4 Bd3 37.
Bc3 Be4 1/2-1/2

[Event "Late-Titled-Tuesday-Blitz-March-19-2024"]
[Site "Chess.com"]
[Date "2024.03.19"]
[Round "9"]
[White "AndreyNeves"]
[Black "ArchibaldCerveza29"]
[Result "0-1"]
[WhiteElo "2127"]
[BlackElo "2364"]
[TimeControl "180+1"]
[EndTime "15:42:13 PDT"]
[Termination "ArchibaldCerveza29 won by resignation"]

1. d4 Nf6 2. c4 g6 3. Nc3 Bg7 4. e4 d6 5. Be2 O-O 6. Be3 Na6 7. g4 c5 8. d5 e6 9. g5 Ne8 10. Qd2 Nac7 11. h4 exd5 12. cxd5 a6 13. a4 b6 14. h5 Rb8 15. Nh3 Bxh3 16. Rxh3 b5 17. axb5 axb5 18. O-O-O b4 19. Nb1 Nb5 20. Bxb5 Rxb5 21. Rdh1 c4 22.
hxg6 hxg6 23. Bd4 f6 24. gxf6 Nxf6 25. Qg5 Qe8 26. Rh6 Qxe4 27. Bxf6 Rxf6 28. Rh7 Qf4+ 29. Qxf4 Rxf4 30. Nd2 c3 31. Nb3 cxb2+ 32. Kb1 Rxd5 33. R7h4 Rxh4 34. Rxh4 Rd1+ 0-1

[Event "Late-Titled-Tuesday-Blitz-March-19-2024"]
[Site "Chess.com"]
[Date "2024.03.19"]
[Round "9"]
[White "Piotrek1979"]
[Black "azikom"]
[Result "0-1"]
[WhiteElo "2485"]
[BlackElo "2596"]
[TimeControl "180+1"]
[EndTime "15:42:14 PDT"]
[Termination "azikom won by resignation"]

1. c4 c5 2. Nf3 b6 3. g3 Bb7 4.
Bg2 Nf6 5. b3 g6 6. Bb2 Bg7 7.
d3 O-O 8. Qd2 d5 9. cxd5 Qxd5 10.
Nc3 Qf5 11. h3 Nc6 12. Rc1 Rfd8 13. g4 Qd7 14. O-O Rac8 15. Qf4 h5 16. g5 Nd5 17.
Qd2 Nd4 18. Ne4 Nxf3+ 19. exf3 Bxb2 20. Qxb2 Nf4 21. Rfd1 Nxh3+ 22. Bxh3 Qxh3 23. Qe2 Qf5 24. Qe3 Rd4 25. Rc4 Rcd8 26. Rxd4 Rxd4 27. Re1 Qd7 28. Ng3 Rxd3 29. Qxe7 Qxe7 30. Rxe7 Bxf3 31. Re3 Rxe3 32. fxe3 Kf8 33. Kf2 Bc6 34. Ne2 Ke7 35. Kg3 Ke6 36. Kf4 Bd5 37. Nc3 Bc6 38. a3 Bd5 39. b4 cxb4 40. axb4 a5 41. bxa5 bxa5 42. e4 Bb3 43. Ne2 a4 44. Nd4+ Kd6 0-1